 Dungeon Crawl Stone Soup version 0.27-a0-1217-g8a41f320e8 (webtiles) character file.

Game seed: 2069669000770416478

9536 Armakuni the Destroyer (level 11, -11/68 HPs)
             Began as a Human Conjurer on June 3, 2021.
             Was a Believer of Sif Muna.
             Splashed by an acid dragon's acid (13 damage)
             ... on level 10 of the Dungeon on June 5, 2021.
             The game lasted 00:24:49 (11420 turns).

Armakuni the Destroyer (Human Conjurer)            Turns: 11420, Time: 00:24:49

Health: -11/68     AC:  0    Str: 10    XL:     11   Next: 76%
Magic:  6/25       EV: 27    Int: 26    God:    Sif Muna [**....]
Gold:   515        SH:  0    Dex: 11    Spells: 16/30 levels left

rFire    . . .     SeeInvis .   a - staff of conjuration
rCold    . . .     Faith    .   (no shield)
rNeg     . . .     Spirit   .   e - +0 robe
rPois    +         Reflect  .   (no helmet)
rElec    .         Harm     .   B - +0 cloak
rCorr    .         Rampage  .   w - +0 pair of gloves
Will     .....                  (no boots)
Stlth    ++........             A - amulet of the acrobat
HPRegen  0.21/turn              I - +6 ring of intelligence
MPRegen  0.19/turn              P - ring of poison resistance

@: corroded, acrobatic
A: no striking features
a: Renounce Religion, Channel Magic


You were on level 10 of the Dungeon.
You worshipped Sif Muna.
Sif Muna was pleased with you.
You visited 2 branches of the dungeon, and saw 11 of its levels.

You collected 515 gold pieces.

Inventory:

Hand Weapons
 b - a +1 vampiric long sword
Missiles
 p - 4 throwing nets
Armour
 c - a +0 leather armour
 e - a +0 robe (worn)
 o - a +0 ring mail
 v - a +0 troll leather armour
 w - a +0 pair of gloves (worn)
 B - a +0 cloak (worn)
Magical Staves
 a - a staff of conjuration (weapon)
Jewellery
 A - an amulet of the acrobat (around neck)
 I - a +6 ring of intelligence (left hand)
 P - a ring of poison resistance (right hand)
Wands
 h - a wand of acid (8)
 k - a wand of digging (3)
 u - a wand of mindburst (6)
 z - a wand of flame (13)
 D - a wand of charming (12)
Scrolls
 d - 3 scrolls of amnesia
 i - 2 scrolls of blinking
 r - 3 scrolls of magic mapping
 y - a scroll of noise
Potions
 f - 2 potions of invisibility
 g - 3 potions of curing
 j - 4 potions of mutation
 l - a potion of berserk rage
 m - a potion of lignification {unknown}
 n - a potion of magic {unknown}
 q - 3 potions of might {unknown}
 s - a potion of flight {unknown}
 t - 2 potions of resistance {unknown}
 x - a potion of degeneration {unknown}
 E - a potion of ambrosia


   Skills:
 - Level 2.0 Dodging
 - Level 2.0 Stealth
 - Level 10.0 Spellcasting
 - Level 10.0 Conjurations
 - Level 6.0 Fire Magic
 + Level 8.1 Invocations
 - Level 4.9 Evocations


You had 16 spell levels left.
You knew the following spells:

 Your Spells              Type           Power      Damage    Failure   Level
f - Fireball              Conj/Fire      34%        3d14      4%          5
i - Inner Flame           Hex/Fire       28%        N/A       4%          3
m - Iskenderun's Mystic   Conj/Tloc      55%        2d12      6%          4
s - Searing Ray           Conj           100%       3d7       1%          2

Your spell library contained the following spells:

 Spells                   Type           Power      Damage    Failure   Level
 Foxfire                  Conj/Fire      100%       2x1d9     1%          1
 Magic Dart               Conj           100%       1d8       1%          1
 Conjure Flame            Conj/Fire      69%        6-21      1%          3
 Dazzling Flash           Conj/Hex       100%       N/A       1%          3
 Sticky Flame             Conj/Fire      69%        2d8       1%          4
 Fulminant Prism          Conj/Hex       27%        3d14      6%          4


Dungeon Overview and Level Annotations

Branches:
Dungeon (10/15)            Temple (1/1) D:4            Lair (0/6) D:10
    Orc: D:9-12

Altars:
Cheibriados
Dithmenos
Elyvilon
Fedhas
Gozag
Hepliaklqana
Makhleb
Nemelex Xobeh
Okawaru
Ru
Sif Muna
Trog
Uskayaw
Xom
Zin
The Shining One

Annotations:
D:5 3 runed translucent doors, LeChuckSC's ghost, novice HOFi
D:6 3 runed translucent doors, MoonlitKnight's ghost, novice HOFi


Message History

A gnoll comes into view. It is wielding a +0 flail of draining.
The gnoll shouts!
The gnoll throws a throwing net.
The throwing net hits you.
You become entangled in the net!
You see here a throwing net.
You tear a large gash into the net.
An acid dragon comes into view.
The gnoll sergeant hits you from afar with a +0 spear.
You shred the net and break free! The gnoll sergeant misses you.
The acid dragon spits acid at you. The splash of acid misses you.
The gnoll throws a throwing net.
The throwing net barely misses you.
Casting: Searing Ray (safe; 1% risk of failure)
Confirm with . or Enter, or press ? or * to list all spells.
You feel a surge of power!
You erupt in a blast of force!
The mystic blast hits the gnoll sergeant!
The gnoll sergeant is heavily wounded.
The gnoll sergeant is knocked back by the mystic blast.
The gnoll sergeant collides with the gnoll!
The mystic blast hits the gnoll!
You kill the gnoll!
Sif Muna accepts your kill.
The mystic blast hits the gnoll!!
You kill the gnoll!
Sif Muna accepts your kill.
The mystic blast hits the gnoll!
You kill the gnoll!
Sif Muna accepts your kill.
The gnoll sergeant hits you from afar with a +0 spear.
The acid dragon spits acid at you. The splash of acid hits you!
The acid corrodes you!
You are splashed with acid!
The acid dragon spits acid at you. The splash of acid hits you!
You are splashed with acid!
* * * LOW HITPOINT WARNING * * *
You hear a bellow!
The acid dragon spits acid at you. The splash of acid hits you!
* * * LOW HITPOINT WARNING * * *
You are splashed with acid!
You die...

....# #...# .....###..##
####
..Y...##..)###..####
.P....#..#.<.......##
#.#..#..........#
#....†..........####
#...#)..........##.#
..#...##.............##
...####.#......@<......#
.......................#
.............g.........#
........D....(.........#
.......)...g.........###
.......).......##....#
.......)...........###
..............###.##
.............## #.#


You could see an acid dragon (catching breath), a gnoll sergeant and a gnoll.

Vanquished Creatures
  Harold (D:7)
  4 two-headed ogres
  A death yak (D:10)
  Joseph (D:8)
  A komodo dragon (D:8)
  A troll (D:10)
  A hornet (D:9)
  Prince Ribbit (D:7)
  4 slime creatures (D:9)
  2 shadows (D:9)
  A water moccasin (D:8)
  3 black bears
  An orc warrior (D:8)
  A hornet zombie (D:6)
  A sky beast (D:6)
  An ice beast (D:6)
  A necrophage (D:4)
  3 centaurs
  3 ogres
  A phantom (D:5)
  2 kobold brigands
  2 bullfrogs (D:7)
  A scorpion (D:5)
  4 howler monkeys
  A bullfrog zombie (D:5)
  3 hounds
  2 centaur zombies
  5 jellies
  A quasit (D:6)
  3 centaur skeletons
  4 orc priests
  A bullfrog skeleton (D:7)
  A gnoll shaman (D:9)
  5 iguanas
  3 orc wizards
  2 hound skeletons (D:4)
  A howler monkey zombie (D:9)
  12 gnolls
  7 adders
  An ufetubus (D:4)
  An adder skeleton (D:4)
  2 dart slugs (D:1)
  22 orcs
  5 endoplasms
  A giant cockroach (D:3)
  2 goblins (D:1)
  5 hobgoblins
  2 quokkas
  9 ball pythons
  6 bats
  7 frilled lizards
  A goblin skeleton (D:6)
  3 goblin zombies (D:6)
  4 hobgoblin zombies (D:6)
  12 kobolds
  2 kobold skeletons (D:6)
  An orc skeleton (D:6)
  2 orc zombies (D:6)
  6 rats
187 creatures vanquished.

Vanquished Creatures (others)
  A fungus (D:10)
  12 plants
  2 withered plants (D:2)
15 creatures vanquished.

Grand Total: 202 creatures vanquished

Notes
Turn   | Place    | Note
-------+----------+-------------------------------------------
     0 | D:1      | Armakuni the Human Conjurer began the quest for the Orb.
     0 | D:1      | Reached XP level 1. HP: 13/13 MP: 3/3
   434 | D:1      | Reached XP level 2. HP: 19/19 MP: 3/5
   472 | D:1      | Learned a level 2 spell: Searing Ray
   973 | D:1      | Reached XP level 3. HP: 24/24 MP: 2/6
  1701 | D:2      | Found a faded altar of an unknown god.
  1758 | D:2      | Reached XP level 4. HP: 29/30 MP: 3/8
  1805 | D:2      | Learned a level 4 spell: Iskenderun's Mystic Blast
  2751 | D:3      | Found a sacrificial altar of Ru.
  2944 | D:3      | Reached skill level 5 in Conjurations
  3102 | D:3      | Reached XP level 5. HP: 35/35 MP: 6/10
  3412 | D:4      | Found a staircase to the Ecumenical Temple.
  3445 | Temple   | Entered the Ecumenical Temple
  3543 | Temple   | Became a worshipper of Sif Muna the Loreminder
  3673 | D:4      | Noticed a necrophage
  3678 | D:4      | Killed a necrophage
  3679 | D:4      | Reached XP level 6. HP: 41/41 MP: 5/12
  4348 | D:5      | Entered Level 5 of the Dungeon
  4463 | D:5      | Reached XP level 7. HP: 46/46 MP: 4/14
  4716 | D:5      | Found a runed translucent gate.
  4716 | D:5      | Found a runed translucent gate.
  4716 | D:5      | Found a runed translucent gate.
  4717 | D:5      | Found an opulent altar of Gozag.
  4718 | D:5      | Noticed LeChuckSC's ghost (novice HOFi)
  4728 | D:5      | Reached skill level 5 in Spellcasting
  4984 | D:5      | Reached XP level 8. HP: 52/52 MP: 8/16
  5152 | D:6      | Found a blossoming altar of Fedhas.
  5510 | D:6      | Found a glowing golden altar of the Shining One.
  5675 | D:6      | Reached * piety under Sif Muna
  6043 | D:6      | Noticed MoonlitKnight's ghost (novice HOFi)
  6053 | D:6      | Noticed a hornet
  6071 | D:6      | Found a runed translucent gate.
  6071 | D:6      | Found a runed translucent gate.
  6073 | D:6      | Found a runed translucent gate.
  6904 | D:7      | Noticed Prince Ribbit
  6911 | D:7      | Killed Prince Ribbit
  6912 | D:7      | Reached XP level 9. HP: 57/57 MP: 12/19
  7248 | D:7      | Learned a level 5 spell: Fireball
  7252 | D:7      | Learned a level 3 spell: Inner Flame
  7483 | D:7      | Noticed Harold
  7494 | D:7      | Killed Harold
  7677 | D:7      | Found a shimmering altar of Xom.
  7712 | D:7      | Found a bloodstained altar of Trog.
  7713 | D:7      | Found an iron altar of Okawaru.
  7801 | D:7      | Found a white marble altar of Elyvilon.
  8232 | D:8      | Reached skill level 10 in Conjurations
  8340 | D:8      | Reached XP level 10. HP: 57/63 MP: 11/22
  8780 | D:8      | Noticed Joseph
  8929 | D:8      | Noticed a two-headed ogre
  8938 | D:8      | Killed a two-headed ogre
  8939 | D:8      | Reached skill level 10 in Spellcasting
  9077 | D:8      | Reached ** piety under Sif Muna
  9225 | D:8      | Killed Joseph
  9434 | D:8      | Noticed a komodo dragon
  9444 | D:8      | Killed a komodo dragon
  9445 | D:8      | Reached skill level 5 in Fire Magic
  9935 | D:9      | Noticed a two-headed ogre
  9935 | D:9      | Noticed a two-headed ogre
  9940 | D:9      | Killed a two-headed ogre
  9940 | D:9      | Killed a two-headed ogre
  9941 | D:9      | Reached XP level 11. HP: 68/68 MP: 9/25
 10022 | D:8      | Upgraded the game from 0.27-a0-1202-ge72e49191c to
                  | 0.27-a0-1217-g8a41f320e8
 10100 | D:9      | Noticed a two-headed ogre
 10105 | D:9      | Killed a two-headed ogre
 10291 | D:9      | Reached skill level 5 in Invocations
 10565 | D:9      | HP: 3/68 [something/magic dart (5)]
 11253 | D:10     | Entered Level 10 of the Dungeon
 11271 | D:10     | Found a staircase to the Lair.
 11271 | D:10     | Noticed a death yak
 11271 | D:10     | Noticed an elephant
 11287 | D:10     | Killed a death yak
 11420 | D:10     | HP: 2/68 [acid dragon/splash of acid (17)]
 11420 | D:10     | Splashed by an acid dragon's acid

Illustrated notes

Levels and vault maps discovered:
D:1:      dpeg_arrival_leaves_temple_mockup, layout_basic, minmay_octomino_j4
D:2:      layout_basic, shapermc_ecumenical_altar_flowoftime, st_stairs_2,
          minmay_hedge_maze
D:3:      layout_basic, nicolae_ru_awakened_eye
D:4:      layout_loops_ring, minmay_temple_entry_stoned_glass
D:5:      layout_basic, ebering_ghost_gozag
D:6:      minmay_skewed_foursquare, layout_cave_pods,
          nicolae_tso_besieged_by_evil, fedhas_ov_isle_minmay,
          gammafunk_ghost_split, st_stairs_13
D:7:      layout_loops_corners, grunt_temple_overflow_bloody_war,
          kennysheep_little_box, lemuel_crystal_altar, uniq_prince_ribbit1,
          uniq_harold
D:8:      layout_basic, hangedman_abyss_or_decor_slice, st_stairs_14,
          minivault_11, minmay_lizard_king, uniq_joseph
D:9:      layout_rooms
D:10:     layout_cave_pools, lemuel_zombie_altar_yredelemnul,
          nicolae_overflow_hidden_temple, vehumet_crystals, david_lair_generic
Temple:   jpeg_temple_island

Skill      XL: |  1  2  3  4  5  6  7  8  9 10 11 |
---------------+----------------------------------+-----
Spellcasting   | 3 4 5 7 8 10 | 10.0
Conjurations   | 5 6 7 8 10 | 10.0
Fire Magic     | 6 |  6.0
Evocations     | 4 |  4.9
Invocations    | 8 |  8.1
Dodging        | |  2.0
Stealth        | |  2.0

Action                   |  1- 3 |  4- 6 |  7- 9 | 10-12 || total
-------------------------+-------+-------+-------+-------++-------
Melee: Dagger            |     1 |     4 |     2 |       ||     7
       Long sword        |       |     2 |     6 |     3 ||    11
 Cast: Magic Dart        |    41 |       |       |       ||    41
       Searing Ray       |     8 |    31 |    61 |    40 ||   140
       Iskenderun's Myst |       |       |     3 |    13 ||    16
       Fireball          |       |       |       |    25 ||    25
Invok: Channel Magic     |       |       |       |     4 ||     4
Evoke: Wand              |       |       |     6 |     6 ||    12
  Use: Scroll            |       |     8 |     6 |     3 ||    17
       Potion            |       |       |     1 |     1 ||     2
Armor: Robe              |     5 |     2 |    13 |     4 ||    24
Dodge: Dodged            |    13 |     9 |    27 |    34 ||    83
       Rpst.: Long sword |       |     1 |     1 |     6 ||     8

Table legend: (Time is in decaauts)
 A = Elapsed time spent in this place.
 B = Non-inter-level travel time spent in this place.
 C = Inter-level travel time spent in this place.
 D = Time resting spent in this place.
 E = Time spent auto-exploring this place.
 F = Levels seen in this place.
 G = Mean time per level.
                   A        B        C        D        E       F      G
               +--------+--------+--------+--------+--------+-----+--------+
         Total |  11431 |  11032 |    399 |   2650 |   6555 |  11 | 1039.2 |
       Dungeon |  11305 |  10932 |    373 |   2586 |   6555 |  10 | 1130.5 |
        Temple |    125 |     99 |     26 |     64 |      0 |   1 |  125.0 |
               +--------+--------+--------+--------+--------+-----+--------+

Top non-repeatable levels by time:
     D:7: 2013 daAuts
     D:6: 1665 daAuts
     D:2: 1552 daAuts
     D:9: 1347 daAuts
     D:8: 1162 daAuts
     D:1: 1147 daAuts
     D:4: 809 daAuts
     D:5: 783 daAuts
     D:3: 714 daAuts
  Temple: 125 daAuts
    D:10: 111 daAuts
